 Dungeon Sprint DCSS version 0.31-a0-66-ge618eeaa78 (webtiles) character file.

Game seed: 3780479628279911218

26 fozzywoppz the Sneak (level 2, -5/13 HPs)
             Began as a Spriggan Enchanter on May 22, 2023.
             Slain by a water elemental (18 damage)
             ... in the Dungeon (Sprint III: "The Ten Rune Challenge").
             The game lasted 00:01:32 (143 turns).

fozzywoppz the Sneak (Spriggan Enchanter)            Turns: 143, Time: 00:01:33

Health: -5/13      AC:  2    Str:  4    XL:     2   Next: 89%
Magic:  8/8        EV: 18    Int: 16    God:
Gold:   27         SH:  0    Dex: 15    Spells: 7/9 levels left

rFire   + . .        a - +1 dagger
rCold   + . .        (no shield)
rNeg    . . .        b - +0 robe
rPois   .            (helmet restricted)
rElec   .            (no cloak)
rCorr   .            (gloves unavailable)
SInv    +            (boots unavailable)
Will    .....        (no amulet)
Stlth   +++          (no ring)
HPRegen 0.22/turn    (no ring)
MPRegen 0.11/turn

%: no teleportation
@: very quick
A: very small, no large weapons, unfitting armour, see invisible, speed 3, cold
resistance 1, fire resistance 1, passive freeze
a: no special abilities


You were in the Dungeon.
You visited 1 branch You collected 27 gold pieces.

Inventory:

Hand Weapons
 a - a +1 dagger (weapon)
Armour
 b - a +0 robe (worn)
Scrolls
 h - a scroll of torment {unknown}
 i - a scroll of blinking
 j - a scroll of identify {unknown}
 k - a scroll of poison {unknown}
 l - a scroll of immolation {unknown}
Potions
 c - 2 potions of invisibility
 d - a potion of curing
 e - a potion of heal wounds
 f - a potion of haste
 g - 2 potions of magic
 m - a potion of enlightenment {unknown}
 n - 6 potions of mutation


   Skills:
 - Level 1.1 Short Blades
 + Level 4.6 Dodging
 + Level 6.3 Stealth
 + Level 4.3 Spellcasting
 + Level 5.0 Hexes


You had 7 spell levels left.
You knew the following spells:

 Your Spells              Type           Power      Damage    Failure   Level
a - Ensorcelled Hibernat  Hex/Ice        18%        N/A       11%         2

Your spell library contained the following spells:

 Spells                   Type           Power      Damage    Failure   Level
 Confusing Touch          Hex            19%        N/A       6%          3
 Tukima's Dance           Hex            19%        N/A       6%          3
 Dazzling Flash           Conj/Hex       18%        N/A       22%         3


Dungeon Overview and Level Annotations

Branches:
Dungeon (1/1)

Altars:


Innate Abilities, Weirdness & Mutations

You are very small and have problems with some larger weapons.
You are too small for most types of armour.
You have supernaturally acute eyesight. (SInv)
You cover ground extremely quickly. (Speed+++)
Your flesh is cold resistant. (rC+)
Your flesh is heat resistant. (rF+)
A frigid envelope surrounds you and freezes all who hurt you.


Message History

HP restored.
You continue memorising.
You finish memorising.
Spell assigned to 'a'.
You feel yourself speed up.
You open the door.
Found 20 gold pieces and 2 potions of mutation.
There is an open door here.
You now have 18 gold pieces (gained 11).
h - a scroll labelled MIOCZE HUZXE;
j - a scroll labelled REUWKAMIWU
Things that are here:
a potion of mutation; 2 potions of mutation; a potion of mutation
k - a scroll labelled GIPHET LIUNK;
l - a scroll labelled XIAJAN LODAU
m - a metallic golden potion
Things that are here:
a potion of mutation; 2 potions of mutation You recover from your berserk rage.
You now have 27 gold pieces (gained 9).
Things that are here:
a potion of mutation; 2 potions of mutation; a potion of mutation
n - a potion of mutation;
n - 2 potions of mutation (gained 1)
n - 4 potions of mutation (gained 2)
n - 5 potions of mutation (gained 1);
n - 7 potions of mutation (gained 2) Really quaff the potion of mutation?
You feel extremely strange.
You feel resistant to cold.
Your skin feels very cold.
You feel resistant to heat.
There is an open door here.
Okay, then.
You open the door.
A water elemental comes into view.
There is an open door to the Ecumenical Temple here.
The helpless water elemental fails to defend itself.
You impale the water elemental!!
The water elemental is severely damaged.
The water elemental completely misses you.
You hit the water elemental.
The water elemental is almost destroyed.
The water elemental hits you!!
Ouch! That really hurt!
You die...

▓▓▓▓▓▓ ▓▓▓ .#...####
##.# .#......#####..#
##.......#..#..#
.##.##..†#..#..###+#+###
.##.###..##'#..#........
####.##..###...'.⌠......
##..##..####...#@..####
....##..###....#.E.#
#..##†..##.....#...#
..##....#......#+###
.###..##.#.....# .#
#..#####....# ▓▓ ▓▓▓▓
▓▓▓▓▓▓


You could see a water elemental.

Vanquished Creatures
  A human (D)
  A phantom (D)
  An endoplasm (D)
  3 rats (D)
6 creatures vanquished.

Notes
Turn   | Place    | Note
-------+----------+-------------------------------------------
     0 | D        | fozzywoppz the Spriggan Enchanter began the quest for the
                  | Orb.
     0 | D        | Reached XP level 1. HP: 9/9 MP: 5/5
    32 | D        | Reached skill level 5 in Stealth
    82 | D        | Reached XP level 2. HP: 9/13 MP: 5/7
    86 | D        | Reached skill level 6 in Stealth
    86 | D        | Reached skill level 5 in Hexes
   114 | D        | Learned a level 2 spell: Ensorcelled Hibernation
   133 | D        | Gained mutation: Your flesh is cold resistant. (rC+)
                  | [potion of mutation]
   133 | D        | Gained mutation: A frigid envelope surrounds you and
                  | freezes all who hurt you. [potion of mutation]
   133 | D        | Gained mutation: Your flesh is heat resistant. (rF+)
                  | [potion of mutation]
   140 | D        | Noticed a water elemental
   143 | D        | Slain by a water elemental

Illustrated notes

Levels and vault maps discovered:
D:        dungeon_sprint_mu [sprint_mu_entry_cave, sprint_mu_temple_rooms,
          sprint_mu_d1_spiders, sprint_mu_d2_genie, sprint_mu_d3_branching,
          sprint_mu_orc_legion, sprint_mu_elf_gauntlet, sprint_mu_hive_nellie,
          sprint_mu_lair_fedhas, sprint_mu_vaults_butterflies,
          sprint_mu_slime_circle, sprint_mu_shoals_kraken,
          sprint_mu_snake_twists, sprint_mu_blade_basic, sprint_mu_crypt_lich,
          sprint_mu_tomb_spiral, sprint_mu_vestibule_basic,
          sprint_mu_gehenna_hellfire, sprint_mu_dis_giant,
          sprint_mu_tartarus_statrot, sprint_mu_cocytus_islands, sprint_mu_zot1]

Skill      XL: |  1  2 |
---------------+-------+-----
Dodging        | 3 4 |  4.6
Spellcasting   | 3 4 |  4.3
Hexes          | 4 5 |  5.0
Stealth        | 5 6 |  6.3
Short Blades   | |  1.1

Action                     || total
---------------------------++-------
  Melee: Dagger            ||    13
    Use: Potion            ||     2
   Stab: Sleeping          ||     5
  Dodge: Dodged            ||     3

Table legend: (Time is in decaauts)
 A = Elapsed time spent in this place.
 B = Non-inter-level travel time spent in this place.
 C = Inter-level travel time spent in this place.
 D = Time resting spent in this place.
 E = Time spent auto-exploring this place.
 F = Levels seen in this place.
 G = Mean time per level.
                   A        B        C        D        E       F      G
               +--------+--------+--------+--------+--------+-----+--------+
         Total |    108 |    108 |      0 |     19 |      0 |   1 |  108.0 |
       Dungeon |    108 |    108 |      0 |     19 |      0 |   1 |  108.0 |
               +--------+--------+--------+--------+--------+-----+--------+

Top non-repeatable levels by time:
       D: 108 daAuts
